 Dungeon Crawl Stone Soup version 0.19-a0-1002-g674d22e (webtiles) character file.

23499 4thArraOfDagon the Convoker (level 12, -6/81 HPs)
             Began as a Demigod Summoner on July 18, 2016.
             Killed by divine providence
             ... invoked by an orc priest
              (13 damage)
             ... on level 1 of the Orcish Mines.
             The game lasted 01:09:26 (13626 turns).

4thArraOfDagon the Convoker (Demigod Summoner)     Turns: 13626, Time: 01:09:27

Health: -6/81      AC:  8    Str: 17    XL:     12   Next: 39%
Magic:  29/31      EV: 12    Int: 34    God:
Gold:   338        SH:  3    Dex: 18    Spells: 5 memorised, 6 levels left

rFire  + . .     SeeInvis .     R - +2 battleaxe (elec)
rCold  . . .     Gourm    .     V - +1 robe {Archmagi}
rNeg   . . .     Faith    .     (shield currently unavailable)
rPois  +         Spirit   .     W - +2 hat of the Turtledove {*Corrode Regen+ Str+6 Int+2}
rElec  .         Dismiss  .     (no cloak)
rCorr  .         Reflect  +     (no gloves)
SustAt +         Harm     .     M - +0 pair of boots
MR     +....                    n - +3 amulet of reflection (curse)
Stlth  ++........               E - +5 ring of intelligence
                                G - ring of wizardry

@: very slightly contaminated, somewhat resistant to hostile enchantments,
unstealthy
A: antennae 1, beak, slimy green scales 1, agile 1, fire resistance 1, high mp
1, poison resistance, screaming 1, slow regeneration 1, sustain attributes
a: no special abilities


You were on level 1 of the Orcish Mines.
You were not hungry.

You visited 2 branches of the dungeon, and saw 16 of its levels.
You visited the Abyss 1 time.
You also visited: Sewer.

You collected 617 gold pieces.
You spent 279 gold pieces at shops.

Inventory:

Hand Weapons
 b - the +1 whip "Ukhlanid" {slash, rF+ rC- Int+5}
   (You found it on level 13 of the Dungeon)

   It inflicts extra damage upon your enemies.
   It affects your intelligence (+5).
   It protects you from fire.
   It makes you vulnerable to cold.
 O - a +0 scimitar of freezing
 R - a +2 battleaxe of electrocution (weapon)
 T - the +11 hand crossbow "Mueqi" {flame, rElec rPois rC+ Int-4}
   (You took it off an orc warrior on level 12 of the Dungeon)

   It causes projectiles fired from it to burn those they strike, causing extra
   injury to most foes and up to half again as much damage against particularly
   susceptible opponents.
   It affects your intelligence (-4).
   It protects you from cold.
   It insulates you from electricity.
   It protects you from poison.
Missiles
 s - 3 throwing nets (quivered)
Armour
 a - a +0 robe
 d - a +0 ring mail
 t - a +0 pair of gloves
 A - a +2 robe of magic resistance
 M - a +0 pair of boots (worn)
 Q - a +0 robe
 S - a +1 hat of see invisible
 V - a +1 robe of the Archmagi (worn)
 W - the +2 hat of the Turtledove (worn) {*Corrode Regen+ Str+6 Int+2}
   (You bought it in a shop on level 9 of the Dungeon)

   It affects your strength (+6).
   It affects your intelligence (+2).
   It increases your rate of regeneration.
   It may corrode you when you take damage.
 X - a troll hide
Jewellery
 n - a cursed +3 amulet of reflection (around neck)
 y - a +2 ring of protection
 E - a +5 ring of intelligence (right hand)
 G - a ring of wizardry (left hand)
 I - an uncursed ring of magical power
 Y - an uncursed ring of flight
Wands
 f - a wand of acid (15/15)
 m - a wand of flame (15/48)
 o - a wand of random effects (16/48)
 D - a wand of acid (5/15)
 F - a wand of flame (8/48)
Scrolls
 e - a scroll of magic mapping
 i - 3 scrolls of recharging
 p - 6 scrolls of amnesia
 v - a scroll of teleportation
 w - 3 scrolls of remove curse
 N - a scroll of enchant armour
Potions
 g - a potion of cure mutation
 q - a potion of might
 x - 2 potions of resistance
 z - 2 potions of brilliance
 B - 5 potions of flight
 C - 3 potions of lignification
 H - a potion of cancellation
 K - 2 potions of curing
 L - a potion of haste
 U - a potion of agility
Books
 h - a Fen Folio

   Spells                             Type                      Level
   a - Corpse Rot                     Necromancy                   2
   b - Stone Arrow                    Conjuration/Earth            3
   c - Leda's Liquefaction            Hexes/Earth                  4
   d - Summon Forest                  Summoning/Translocation      5
   e - Hydra Form                     Transmutation                6
   f - Summon Hydra                   Summoning                    7
 k - a book of Fire

   Spells                             Type                      Level
   a - Ignite Poison                  Fire/Transmutation/Poison    3
   b - Fireball                       Conjuration/Fire             5
   c - Bolt of Fire                   Conjuration/Fire             6
   d - Delayed Fireball               Conjuration/Fire             7
   e - Ring of Flames                 Charms/Fire                  7
 l - a book of the Dragon

   Spells                             Type                      Level
   a - Flame Tongue                   Conjuration/Fire             1
   b - Cause Fear                     Hexes                        4
   c - Bolt of Fire                   Conjuration/Fire             6
   d - Dragon Form                    Transmutation                7
   e - Dragon's Call                  Summoning                    9
 r - a book of Ice

   Spells                             Type                      Level
   a - Ice Form                       Ice/Transmutation            4
   b - Metabolic Englaciation         Hexes/Ice                    5
   c - Ozocubu's Refrigeration        Ice                          6
   d - Bolt of Cold                   Conjuration/Ice              6
   e - Freezing Cloud                 Conjuration/Ice/Air          6
   f - Simulacrum                     Ice/Necromancy               6
 P - a book of the Sky

   Spells                             Type                      Level
   a - Summon Lightning Spire         Summoning/Air                4
   b - Airstrike                      Air                          4
   c - Silence                        Hexes/Air                    5
   d - Deflect Missiles               Charms/Air                   6
   e - Conjure Ball Lightning         Conjuration/Air              6
   f - Tornado                        Air                          9
Comestibles
 c - 16 bread rations
 u - 3 meat rations


   Skills:
 - Level 1.7 Dodging
 - Level 1.7 Stealth
 + Level 10.4 Spellcasting
 * Level 15.9 Summonings


You had 6 spell levels left.
You knew the following spells:

 Your Spells              Type           Power        Failure   Level  Hunger
a - Summon Forest         Summ/Tloc      #######...   1%          5    ##.....
b - Call Canine Familiar  Summ           ########     0%          3    None
c - Summon Lightning Spi  Summ/Air       #######.     1%          4    None
d - Summon Ice Beast      Ice/Summ       #######.     1%          4    None
e - Dragon's Call         Summ           ########..   92%         9    #######


Dungeon Overview and Level Annotations

Branches:
Dungeon (15/15)            Temple (0/1) D:7            Lair (0/6) D:10
    Orc (1/2) D:12         Depths (0/5) D:15
 Vaults: D:13-14

Shops:
D:9 [

Annotations:
D:10 exclusion: orange crystal statue
D:12 1 runed door


Innate Abilities, Weirdness & Mutations

You have an increased reservoir of magic. (+10% MP)
Your attributes are resistant to harm.
You have a pair of small antennae on your head.
You have a beak for a mouth.
You are partially covered in slimy green scales. (AC +2)
You are agile. (Dex +2)
Your flesh is heat resistant. (rF+)
Your system is resistant to poisons. (rPois)
You occasionally shout uncontrollably at your foes.
You regenerate slowly when monsters are visible.


Message History

Unknown command.
You feel much better. Something hits you but does no damage.
You are electrocuted!
* * * LOW HITPOINT WARNING * * *
The orc wizard hits your ice beast but does no damage.
Your ice beast is poisoned.
The orc warrior barely misses your ice beast.
The orc warrior hits your ice beast with a war axe!
Your ice beast dies!
The orc misses your ice beast.
Your ice beast misses the orc.
A magic dart appears from out of thin air!
The magic dart hits you!
Unknown command.
Blink to where?
Press: ? - help, Dir - move target cursor You are very lightly contaminated with residual magic.
As you read the scroll of blinking, it crumbles to dust.
The orc priest mumbles some strange prayers to Beogh against you.
Beogh smites you!
You die...

## ##.###
##....## ###
#....@.#$##.##
#.....#...).ยง##
#.........##.<.#
#..##......oY)##
#.. ......))oo#
#. ..$.#o)..)oo
. .###...#..o..
## ##$###.....
... ##.....


You could see 3 orc warriors, an orc priest and an orc.

Vanquished Creatures
  A wizard (D:13)
  A worldbinder (Abyss:3)
  A slime creature (D:14)
  2 yaks
  A hippogriff (D:11)
  An orc warrior (D:12)
  A necrophage (D:13)
  A phantom (D:7)
  An ogre (D:11)
  3 centaurs
  An elf zombie (D:8)
  A crocodile (D:13)
  A wyvern zombie (D:13)
  3 giant frogs
  A water moccasin skeleton (D:7)
  2 scorpions
  A howler monkey (D:8)
  4 crimson imps
  A jelly (D:13)
  A hound (D:4)
  4 orc priests
  2 iguanas
  2 orc wizards (D:8)
  A centaur skeleton (D:9)
  3 worker ants
  An ogre skeleton (D:8)
  3 gnolls (D:4)
  3 adders
  A river rat (D:6)
  2 oozes (Sewer)
  6 worms
  2 dart slugs
  4 giant geckos
  16 orcs
  9 bats
  7 giant cockroaches
  5 goblins
  5 hobgoblins
  8 jackals
  2 quokkas
  4 giant newts
  4 kobolds (D:1)
  7 rats
130 creatures vanquished.

Vanquished Creatures (collateral kills)
  Rupert (D:13)
  Gastronok (D:12)
  2 ogre magi (D:13)
  2 hydras (D:13)
  A catoblepas (D:13)
  A death knight (D:12)
  A thrashing horror (Abyss:3)
  2 skeletal warriors (D:12)
  An unseen horror (shapeshifter) (D:14)
  2 hill giants
  6 wizards (D:13)
  A wolf spider zombie (D:14)
  The ghost of crawlian the Arsonist, a novice DEFE of Vehumet (D:8)
  An orc knight (D:14)
  3 ugly things (D:13)
  4 deep elf magi
  4 orc sorcerers (D:13)
  2 cyclopes (D:12)
  An octopode (shapeshifter) (D:14)
  A manticore (D:13)
  Joseph (D:9)
  2 centaur zombies (D:11)
  A gargoyle (D:14)
  A komodo dragon (D:12)
  A kobold demonologist (D:13)
  A freezing wraith (D:12)
  2 tengu conjurers (D:13)
  7 trolls
  5 slime creatures (D:14)
  A two-headed ogre (D:8)
  A water elemental (D:13)
  A shadow (D:15)
  19 yaks
  9 spriggans
  3 wraiths
  3 hungry ghosts
  7 vampire mosquitoes
  4 hippogriffs
  A warg (D:15)
  A naga (shapeshifter) (D:13)
  3 mottled dragons (D:12)
  A soldier ant (D:9)
  3 water moccasins
  A black bear (D:13)
  11 orc warriors
  4 sky beasts
  2 ice beasts
  A necrophage (D:13)
  4 phantoms
  4 ogres
  A crocodile (D:10)
  12 centaurs
  2 big kobolds
  Blork the orc (D:5)
  3 giant frogs
  2 elf zombies (D:8)
  An elf skeleton (D:8)
  4 scorpions
  15 killer bees
  6 wights
  A howler monkey (D:6)
  4 crimson imps
  8 hounds
  A quasit (D:8)
  3 human zombies (D:8)
  7 orc priests
  3 giant frog skeletons
  2 jellies
  2 centaur skeletons (D:7)
  4 iguanas
  7 orc wizards
  10 worker ants
  A hound skeleton (D:7)
  A worker ant zombie (D:10)
  4 gnolls
  A river rat (D:6)
  5 adders
  5 shadow imps
  An ooze (Sewer)
  3 worms
  2 giant geckos
  32 orcs
  3 giant cockroaches
  2 goblins (D:1)
  A jackal (D:7)
  3 quokkas
  3 bats
  2 giant newts
  4 kobolds
  An orc zombie (D:8)
  6 rats
322 creatures vanquished.

Vanquished Creatures (others)
  A giant frog (D:7)
  A gnoll shaman (D:7)
  A worker ant (D:7)
  An adder (D:7)
  An orc (D:7)
  A snaplasher vine (D:14)
  39 snaplasher vine segments (D:14)
45 creatures vanquished.

Grand Total: 497 creatures vanquished

Notes
Turn   | Place    | Note
-------+----------+-------------------------------------------
     0 | D:1      | 4thArraOfDagon the Demigod Summoner began the quest for the Orb.
     0 | D:1      | Reached XP level 1. HP: 14/14 MP: 5/5
   195 | D:2      | Found a sparkling altar of Nemelex Xobeh.
   304 | D:1      | Reached skill level 4 in Summonings
   304 | D:1      | Reached XP level 2. HP: 6/20 MP: 1/7
   411 | D:3      | Found a glowing golden altar of the Shining One.
   505 | D:3      | Found a blossoming altar of Fedhas.
   663 | D:4      | Found a shattered altar of Ashenzari.
   664 | D:4      | Found an iron altar of Okawaru.
   784 | D:5      | Entered Level 5 of the Dungeon
   784 | D:5      | Noticed an ogre
   802 | D:5      | Noticed a centaur
   814 | D:4      | Reached XP level 3. HP: 26/26 MP: 4/8
   820 | D:4      | Learned a level 3 spell: Call Canine Familiar
   829 | D:4      | Noticed a moth of wrath
   832 | D:4      | Found a bloodstained altar of Trog.
   991 | D:4      | Reached XP level 4. HP: 26/33 MP: 6/10
  1008 | D:4      | Reached skill level 5 in Summonings
  1078 | D:5      | Noticed Blork the orc
  1078 | D:5      | Noticed a sky beast
  1890 | D:1      | Reached XP level 5. HP: 30/38 MP: 12/12
  3006 | D:3      | Learned a level 4 spell: Summon Lightning Spire
  3558 | D:4      | Reached skill level 6 in Summonings
  3573 | D:4      | Reached XP level 6. HP: 29/45 MP: 12/14
  4048 | D:5      | Reached XP level 7. HP: 33/50 MP: 16/16
  4063 | D:5      | Killed Blork the orc
  4063 | D:5      | Reached skill level 7 in Summonings
  4252 | D:6      | Gained mutation: You have a beak for a mouth. [potion of mutation]
  4252 | D:6      | Gained mutation: You are agile. (Dex +2) [potion of mutation]
  4252 | D:6      | Gained mutation: You occasionally shout uncontrollably at your foes. [potion of mutation]
  4253 | D:6      | Gained mutation: You expend magic power (3 MP) to strengthen your wands. [potion of mutation]
  4253 | D:6      | Gained mutation: Your muscles are strong. (Str +2) [potion of mutation]
  4253 | D:6      | Lost mutation: Your muscles are strong. (Str +2) [potion of mutation]
  4440 | D:6      | Found an opulent altar of Gozag.
  4614 | D:6      | Found a glowing drain.
  4618 | Sewer    | Entered a sewer
  4805 | Sewer    | Lost mutation: You expend magic power (3 MP) to strengthen your wands. [potion of mutation]
  4805 | Sewer    | Gained mutation: Your flesh is heat resistant. (rF+) [potion of mutation]
  4869 | D:7      | Found a staircase to the Ecumenical Temple.
  4882 | D:7      | Noticed a hippogriff
  4888 | D:7      | Killed a hippogriff
  4919 | D:7      | Reached skill level 8 in Summonings
  5047 | D:7      | Noticed a hungry ghost
  5057 | D:7      | Killed a hungry ghost
  5204 | D:8      | Reached XP level 8. HP: 53/57 MP: 13/18
  5267 | D:8      | Reached skill level 5 in Spellcasting
  5299 | D:8      | Reached skill level 9 in Summonings
  5349 | D:8      | Found a basalt altar of Yredelemnul.
  5421 | D:8      | Noticed a two-headed ogre
  5433 | D:8      | Killed a two-headed ogre
  5497 | D:8      | Noticed a troll
  5512 | D:8      | Killed a troll
  5723 | D:8      | Reached skill level 10 in Summonings
  5779 | D:8      | Reached XP level 9. HP: 33/62 MP: 21/21
  6391 | D:8      | Noticed crawlian's ghost (novice DEFE)
  6460 | D:8      | Killed crawlian's ghost
  6557 | D:8      | HP: 2/62 [centaur (4)]
  6728 | D:7      | Found a shimmering altar of Xom.
  6888 | D:7      | Reached skill level 11 in Summonings
  7611 | D:8      | Gained mutation: You have a pair of small antennae on your head. [mutagenic meat]
  7614 | D:8      | Gained mutation: You regenerate slowly when monsters are visible. [mutagenic meat]
  7617 | D:8      | Gained mutation: You are partially covered in slimy green scales. (AC +2) [mutagenic meat]
  7714 | D:9      | Learned a level 4 spell: Summon Ice Beast
  7813 | D:9      | Found Gosin's Antique Armour Emporium.
  7846 | D:9      | Found an oddly glowing altar of Pakellas.
  7916 | D:9      | Noticed Joseph
  7992 | D:9      | Found a snail-covered altar of Cheibriados.
  8190 | D:9      | Killed Joseph
  8221 | D:10     | Entered Level 10 of the Dungeon
  8221 | D:10     | Found a staircase to the Lair.
  8408 | D:9      | Reached XP level 10. HP: 45/69 MP: 25/25
  8521 | D:10     | Found a sparkling altar of Nemelex Xobeh.
  8570 | D:10     | Noticed an orange crystal statue
  8684 | D:10     | Learned a level 9 spell: Dragon's Call
  8850 | D:10     | Reached skill level 12 in Summonings
  8890 | D:10     | Noticed a hill giant
  8907 | D:10     | Killed a hill giant
  9824 | D:9      | Bought an embroidered robe for 18 gold pieces
  9824 | D:9      | Bought an embroidered robe for 18 gold pieces
  9824 | D:9      | Bought a crude hat for 243 gold pieces
  9829 | D:9      | Identified the +2 hat of the Turtledove {*Corrode Regen+ Str+6 Int+2} (You bought it in a shop on level 9 of the Dungeon)
 10385 | D:12     | Reached skill level 13 in Summonings
 10485 | D:12     | Noticed a cyclops
 10502 | D:12     | Killed a cyclops
 10577 | D:12     | Noticed a deep elf mage
 10601 | D:12     | Killed a deep elf mage
 10609 | D:12     | Found a runed door.
 10615 | D:12     | Noticed a cyclops
 10628 | D:12     | Killed a cyclops
 10648 | D:12     | Noticed Gastronok
 10691 | D:12     | Killed Gastronok
 10691 | D:12     | Reached XP level 11. HP: 44/74 MP: 27/27
 10707 | D:12     | Noticed a death knight
 10710 | D:12     | HP: 3/74 [death knight/enchanted battleaxe (28)]
 10711 | D:12     | Noticed a skeletal warrior
 10712 | D:12     | Noticed a skeletal warrior
 11208 | D:13     | Noticed a wizard
 11215 | D:13     | Killed a wizard
 11220 | D:13     | Noticed a wizard
 11238 | D:13     | Killed a wizard
 11259 | D:13     | Got a pitted whip
 11260 | D:13     | Identified the cursed +1 whip "Ukhlanid" {slash, rF+ rC- Int+5} (You found it on level 13 of the Dungeon)
 11281 | D:13     | Noticed a wizard
 11286 | D:13     | Killed a wizard
 11311 | D:13     | Noticed an ogre mage
 11320 | D:13     | Killed an ogre mage
 11423 | D:13     | Noticed a wizard
 11430 | D:13     | Killed a wizard
 11434 | D:13     | Reached skill level 14 in Summonings
 11447 | D:13     | Noticed Rupert
 11461 | D:13     | Killed Rupert
 11472 | D:13     | Noticed an ogre mage
 11740 | D:13     | Killed an ogre mage
 11760 | D:13     | Noticed a wizard
 11899 | D:13     | Cast into level 3 of the Abyss (a wizard)
 11922 | Abyss:3  | Noticed a thrashing horror
 11931 | Abyss:3  | Noticed a wretched star
 11934 | Abyss:3  | Killed a thrashing horror
 11944 | Abyss:3  | Noticed a rakshasa
 11978 | Abyss:3  | Found a corrupted altar of Lugonu.
 11989 | D:13     | Escaped the Abyss
 12015 | D:13     | Killed a wizard
 12118 | D:13     | Noticed a wizard
 12254 | D:13     | Killed a wizard
 12272 | D:13     | Noticed a six-headed hydra
 12281 | D:13     | Killed a six-headed hydra
 12281 | D:13     | Reached skill level 15 in Summonings
 12284 | D:13     | Noticed a wizard
 12284 | D:13     | Noticed a sun demon
 12289 | D:13     | Killed a wizard
 12321 | D:13     | Reached XP level 12. HP: 81/81 MP: 30/30
 12444 | D:13     | Noticed a catoblepas
 12452 | D:13     | Killed a catoblepas
 12452 | D:13     | Reached skill level 10 in Spellcasting
 12459 | D:13     | Noticed a seven-headed hydra
 12476 | D:13     | Killed a seven-headed hydra
 12672 | D:12     | Got a brightly glowing hand crossbow
 12697 | D:12     | Found a staircase to the Orcish Mines.
 12747 | D:12     | Noticed a frost giant
 12747 | D:12     | Noticed a fire giant
 12748 | D:12     | Noticed a fire giant
 12796 | D:12     | Identified the +11 hand crossbow "Mueqi" {flame, rElec rPois rC+ Int-4} (You took it off an orc warrior on level 12 of the Dungeon)
 12816 | D:12     | Killed a death knight
 12938 | D:14     | Learned a level 5 spell: Summon Forest
 13036 | D:14     | Gained mutation: Your system is resistant to poisons. (rPois) [mutagenic meat]
 13412 | D:15     | Entered Level 15 of the Dungeon
 13514 | D:15     | Found a staircase to the Depths.
 13514 | D:15     | Noticed a fire giant
 13519 | D:15     | bad button
 13601 | Orc:1    | Entered Level 1 of the Orcish Mines
 13626 | Orc:1    | Killed from afar by an orc priest

Vault maps used:
D:1:      dpeg_arrival_rooms_with_view, minivault_23, minmay_unequal
D:2:      wad_crossroads, nemelex_xobeh_ov_fountains_minmay
D:3:      tso_oasis_becter, lemuel_round_altar
D:4:      tgw_trog, gammafunk_temple_overflow_statue
D:5:      first_bread, uniq_blork_the_orc, uniq_sigmund
D:6:      nicolae_overflow_crystal_walls, gup_sewer_entry_bowl
D:7:      xom_confusion_cloud
D:8:      kb_forest_paths, lemuel_mausoleum_altar_yredelemnul
D:9:      grunt_pakellas_sulfur, cheibriados_altar_1, serial_shops,
          nicolae_shop_overgrown_old_shop, uniq_joseph
D:10:     wad_guarded_room, basic_altar, minivault_16, the_bakery,
          solitary_fountain
D:12:     david_orc_2, minmay_hidden_floor, uniq_gastronok
D:13:     minmay_tri_stars, kennysheep_diamond, uniq_rupert
D:14:     david_vaults_4
D:15:     grunt_enter_depths_giant_problem, hangedman_ru_absence,
          kennysheep_doodads, minmay_statue_bubble
Abyss:3:  hangedman_cross_veins, evilmike_nicolae_abyss_rune_containment_curve
Sewer:    sewer_fruit_machine

Skill      XL: |  1  2  3  4  5  6  7  8  9 10 11 12 |
---------------+-------------------------------------+-----
Summonings     | 4 5 6 8 10 11 13 15 | 15.9
Spellcasting   | 2 3 4 6 7 8 9 10 | 10.4
Dodging        | |  1.7
Stealth        | |  1.7

Action                   |  1- 3 |  4- 6 |  7- 9 | 10-12 || total
-------------------------+-------+-------+-------+-------++-------
Melee: Unarmed           |     6 |       |       |       ||     6
       Long sword        |    22 |       |       |       ||    22
       Mace              |     8 |   162 |   315 |    65 ||   550
       Peck              |       |       |    62 |    39 ||   101
       Battleaxe         |       |       |       |   107 ||   107
Throw: Throwing net      |       |       |     2 |     2 ||     4
 Cast: Summon Small Mamm |    34 |    13 |    18 |     5 ||    70
       Call Canine Famil |     4 |     9 |    34 |    66 ||   113
       Summon Lightning  |       |       |    22 |    82 ||   104
       Summon Ice Beast  |       |       |       |    47 ||    47
       Summon Forest     |       |       |       |     1 ||     1
Evoke: Wand              |       |       |       |     6 ||     6
  Use: Potion            |     3 |       |    10 |     7 ||    20
       Scroll            |       |       |    13 |    17 ||    30
 Stab: Distracted        |     1 |       |     6 |     3 ||    10
       Sleeping          |       |     2 |     2 |     2 ||     6
  Eat: Chunk             |     1 |     9 |     8 |     4 ||    22
       Fruit             |       |     3 |     6 |       ||     9
       Beef jerky        |       |       |     2 |     2 ||     4
       Meat ration       |       |       |     1 |     2 ||     3
       Pizza             |       |       |     1 |     1 ||     2
       Royal jelly       |       |       |       |     1 ||     1
Armor: Robe              |     6 |       |    39 |    93 ||   138
       Ring mail         |    18 |    86 |   137 |       ||   241
       Skin              |       |       |     2 |       ||     2
Dodge: Dodged            |    29 |   148 |   237 |   170 ||   584
Block: Other             |       |       |       |     1 ||     1
